 Dungeon Crawl Stone Soup version 0.26-b1-52-g61e05abef2 (webtiles) character file.

Game seed: 3951562259049052722

3111 raceaflais the Cleaver (level 9, -1/111 HPs)
             Began as a Gnoll Berserker on Jan 7, 2021.
             Was a High Priest of Trog.
             Slain by a slime creature (10 damage)
             ... on level 7 of the Dungeon.
             The game lasted 00:14:40 (8898 turns).

raceaflais the Cleaver (Gnoll Berserker)            Turns: 8898, Time: 00:14:40

Health: -1/111     AC: 24    Str: 24    XL:     9   Next: 91%
Magic:  16/16      EV:  2    Int:  9    God:    Trog [*****.]
Gold:   327        SH:  0    Dex: 14    Spells: 17/17 levels left

rFire    + . .     SeeInvis .   y - +4 broad axe (flame)
rCold    x . .     Faith    .   (no shield)
rNeg     + + +     Spirit   .   (armour currently unavailable)
rPois    +         Reflect  .   (helmet currently unavailable)
rElec    .         Harm     .   (cloak currently unavailable)
rCorr    .         Rampage  .   (gloves currently unavailable)
Will     .....     NoTele   +   (boots currently unavailable)
Stlth    ++++......             m - amulet of magic regeneration
HPRegen  0.28/turn              e - ring of fire
MPRegen  0.40/turn              a - ring of stealth

@: mighty, tree-form
A: distributed training, strong nose
a: Renounce Religion, Berserk, Trog's Hand, Brothers in Arms


You were on level 7 of the Dungeon.
You worshipped Trog.
Trog was extremely pleased with you.
You were a tree.
You visited 1 branch of the dungeon, and saw 7 of its levels.
You also visited: Sewer.

You collected 327 gold pieces.

Inventory:

Hand Weapons
 y - a +4 broad axe of flaming (weapon)
Missiles
 c - 4 javelins
 G - 4 datura-tipped darts
Armour
 h - a +0 scale mail
 s - a +1 cloak (melded)
 v - the +1 chain mail of the Wilderness (melded) {*Corrode +Fly Regen+ Str+4}
   (You found it on level 4 of the Dungeon)

   It affects your strength (+4).
   It lets you fly.
   It increases your rate of regeneration.
   It may corrode you when you take damage.
 H - a +0 pair of boots (melded)
Jewellery
 a - a ring of stealth (right branch)
 e - a ring of fire (left branch)
 m - an amulet of magic regeneration (around neck)
Wands
 b - a wand of polymorph (10)
 n - a wand of random effects (25)
 u - a wand of iceblast (7)
 B - a wand of enslavement (12)
 D - a wand of flame (12)
 I - a wand of paralysis (6)
Scrolls
 i - 7 scrolls of identify
 l - 2 scrolls of enchant armour
 o - 2 scrolls of blinking
 p - 5 scrolls of magic mapping
 r - 4 scrolls of teleportation
 t - a scroll of amnesia
Potions
 d - a potion of flight {unknown}
 f - 2 potions of experience {unknown}
 g - 2 potions of lignification
 j - 2 potions of degeneration
 k - a potion of brilliance
 q - a potion of ambrosia {unknown}
 w - 4 potions of curing {unknown}
 x - 4 potions of heal wounds {unknown}
 z - a potion of might
 A - 2 potions of magic {unknown}
 C - a potion of berserk rage {unknown}
 E - a potion of invisibility {unknown}
 F - a potion of attraction {unknown}


   Skills:
 + Level 8.1 Fighting
 + Level 4.7 Short Blades
 + Level 4.7 Long Blades
 + Level 8.1 Axes
 + Level 4.7 Maces & Flails
 + Level 4.7 Polearms
 + Level 4.7 Staves
 + Level 4.7 Slings
 + Level 4.7 Bows
 + Level 4.7 Crossbows
 + Level 4.7 Throwing
 + Level 6.6 Armour
 + Level 6.6 Dodging
 + Level 4.7 Stealth
 + Level 4.7 Shields
 + Level 4.7 Unarmed Combat
 + Level 4.7 Spellcasting
 + Level 3.9 Conjurations
 + Level 3.9 Hexes
 + Level 3.9 Summonings
 + Level 3.9 Necromancy
 + Level 3.9 Translocations
 + Level 3.9 Transmutations
 + Level 3.9 Fire Magic
 + Level 3.9 Ice Magic
 + Level 3.9 Air Magic
 + Level 3.9 Earth Magic
 + Level 3.9 Poison Magic
 + Level 5.1 Invocations
 + Level 4.7 Evocations


You had 17 spell levels left.
You didn't know any spells.
Your spell library contained the following spells:

 Spells                   Type           Power        Failure   Level
 Animate Skeleton         Necr           18%          5%          1
 Apportation              Tloc           18%          5%          1
 Corona                   Hex            10%          5%          1
 Summon Small Mammal      Summ           36%          5%          1


Dungeon Overview and Level Annotations

Branches:
Dungeon (7/15)             Temple (0/1) D:6           Sewer (visited)

Altars:
Ashenzari
Cheibriados
Dithmenos
Yredelemnul
The Shining One


Innate Abilities, Weirdness & Mutations

Your experience applies equally to all skills.
((You have very sharp teeth.))
Your uncanny sense of smell can sniff out nearby items.


Message History

* * * LOW HITPOINT WARNING * * *
The slime creature hits you but does no damage.
You hit the slime creature. You burn the slime creature.
The slime creature is lightly wounded.
You barely miss the large slime creature.
You slash the slime creature! You burn the slime creature.
The slime creature barely misses you.
A large slime creature splits.
The slime creature hits you.
* * * LOW HITPOINT WARNING * * *
Two slime creatures merge to form a large slime creature.
You slice the large slime creature!! You burn the large slime creature!
The large slime creature is moderately wounded.
You slash the slime creature! You burn the slime creature.
You completely miss the slime creature. You slash the slime creature!
You burn the slime creature.
The slime creature hits you but does no damage. x2
The slime creature hits you!
* * * LOW HITPOINT WARNING * * *
The slime creature hits you!
You die...

#.##.####.........#...###.....[##
..##..............#.......>....#
.####.............#...####.....#
.# #......########...)..#.....#
## #......#######....[# #.....# #
#............'.....# #.....# .
##############.....# ####### ..∆
#.............# ..
#.....J♣......# #.....JJJ.......#
#................
#................
#........$.#...(.
#..........#..... #..........#
... #..........#


You could see a large slime creature and 3 slime creatures.

Vanquished Creatures
  A slime creature (D:7)
  Eustachio (D:5)
  An ice beast (D:6)
  2 orc warriors (D:7)
  A necrophage (D:4)
  2 centaurs
  5 ogres
  Blork the orc (D:6)
  3 bullfrogs
  2 water moccasin zombies (D:6)
  3 wights (D:6)
  A howler monkey (D:6)
  A centaur zombie (D:5)
  9 orc wizards
  2 hounds (D:6)
  3 orc priests
  A bullfrog skeleton (D:7)
  An iguana (D:6)
  11 worker ants
  A howler monkey zombie (D:7)
  5 gnolls
  6 river rats
  19 adders
  2 shadow imps (D:5)
  2 white imps (D:5)
  4 oozes
  2 adder skeletons
  3 worms
  A dart slug (D:1)
  5 leopard geckos
  32 orcs
  6 bats
  6 giant cockroaches
  5 goblins
  12 hobgoblins
  11 jackals
  10 kobolds
  6 quokkas
  10 ball pythons
  7 frilled lizards
  A giant cockroach zombie (D:6)
  A jackal skeleton (D:4)
  A quokka zombie (D:5)
  31 rats
  A spectral orc (D:3)
241 creatures vanquished.

Notes
Turn   | Place    | Note
-------+----------+-------------------------------------------
     0 | D:1      | raceaflais the Gnoll Berserker began the quest for the Orb.
     0 | D:1      | Reached XP level 1. HP: 23/23 MP: 1/1
   123 | D:1      | Reached XP level 2. HP: 22/29 MP: 2/2
   767 | D:1      | Reached XP level 3. HP: 35/35 MP: 3/3
  1209 | D:2      | Reached ** piety under Trog
  1217 | D:2      | Reached skill level 1 in Invocations
  1679 | D:2      | Reached skill level 1 in Short Blades
  1679 | D:2      | Reached skill level 1 in Long Blades
  1679 | D:2      | Reached skill level 1 in Maces & Flails
  1679 | D:2      | Reached skill level 1 in Polearms
  1679 | D:2      | Reached skill level 1 in Staves
  1679 | D:2      | Reached skill level 1 in Slings
  1679 | D:2      | Reached skill level 1 in Bows
  1679 | D:2      | Reached skill level 1 in Crossbows
  1679 | D:2      | Reached skill level 1 in Throwing
  1679 | D:2      | Reached skill level 1 in Stealth
  1679 | D:2      | Reached skill level 1 in Shields
  1679 | D:2      | Reached skill level 1 in Unarmed Combat
  1679 | D:2      | Reached skill level 1 in Spellcasting
  1679 | D:2      | Reached skill level 1 in Evocations
  1773 | D:2      | Reached XP level 4. HP: 38/41 MP: 5/5
  2085 | D:3      | Reached skill level 1 in Conjurations
  2085 | D:3      | Reached skill level 1 in Hexes
  2085 | D:3      | Reached skill level 1 in Summonings
  2085 | D:3      | Reached skill level 1 in Necromancy
  2085 | D:3      | Reached skill level 1 in Translocations
  2085 | D:3      | Reached skill level 1 in Transmutations
  2085 | D:3      | Reached skill level 1 in Fire Magic
  2085 | D:3      | Reached skill level 1 in Ice Magic
  2085 | D:3      | Reached skill level 1 in Air Magic
  2085 | D:3      | Reached skill level 1 in Earth Magic
  2085 | D:3      | Reached skill level 1 in Poison Magic
  2091 | D:3      | Reached XP level 5. HP: 47/47 MP: 6/6
  2399 | D:3      | Reached *** piety under Trog
  2483 | D:3      | Found a basalt altar of Yredelemnul.
  2821 | D:4      | Reached XP level 6. HP: 45/53 MP: 8/8
  2943 | D:4      | Reached skill level 5 in Armour
  2943 | D:4      | Reached skill level 5 in Dodging
  3203 | D:4      | Noticed a necrophage
  3218 | D:4      | Killed a necrophage
  3219 | D:4      | Reached XP level 7. HP: 59/59 MP: 10/10
  3296 | D:4      | Found a snail-covered altar of Cheibriados.
  3683 | D:4      | Got a faintly glowing chain mail
  4351 | D:4      | You fall into a shaft and drop 1 floor!
  4351 | D:5      | Entered Level 5 of the Dungeon
  4663 | D:5      | Reached **** piety under Trog
  4667 | D:5      | Found a glowing drain.
  4714 | Sewer    | Entered a sewer
  4956 | Sewer    | Reached ***** piety under Trog
  5665 | Sewer    | Reached XP level 8. HP: 67/67 MP: 12/12
  6399 | D:5      | Noticed Eustachio
  6418 | D:5      | Killed Eustachio
  6983 | D:6      | Found a shadowy altar of Dithmenos.
  7030 | D:6      | Identified the +1 chain mail of the Wilderness {*Corrode
                  | +Fly Regen+ Str+4} (You found it on level 4 of the Dungeon)
  7047 | D:6      | Found a staircase to the Ecumenical Temple.
  7183 | D:6      | Found a broken altar of Ashenzari.
  7206 | D:6      | Reached XP level 9. HP: 59/72 MP: 14/14
  7755 | D:6      | Found a glowing golden altar of the Shining One.
  7829 | D:6      | Noticed Blork the orc
  7839 | D:6      | Killed Blork the orc
  7893 | D:6      | Received a gift from Trog
  8728 | D:7      | Reached skill level 5 in Invocations
  8898 | D:7      | Slain by a slime creature

Illustrated notes

Levels and vault maps discovered:
D:1:      dpeg_arrival_orchard, layout_loops_ring, kennysheep_small_spiral,
          minmay_crystal_water, minmay_3d_cube
D:2:      layout_basic
D:3:      layout_rooms, yredelemnul_forgotten_temple_becter
D:4:      layout_loops_cross, lemuel_doored_altar, minmay_liquid_box
D:5:      layout_loops_corners, portal_sewer_entry_a, minmay_circle_x,
          uniq_eustachio
D:6:      kennysheep_windowed_halls, layout_loops_ring,
          nicolae_dithmenos_the_darkroom, lemuel_crystal_altar,
          cheibrodos_ashenzari_chains, minmay_temple_entry_sparse_star,
          uniq_blork_the_orc
D:7:      layout_basic

Skill      XL: |  1  2  3  4  5  6  7  8  9 |
---------------+----------------------------+-----
Invocations    | 1 2 3 4 5 |  5.1
Short Blades   | 1 2 3 4 |  4.7
Long Blades    | 1 2 3 4 |  4.7
Maces & Flails | 1 2 3 4 |  4.7
Polearms       | 1 2 3 4 |  4.7
Staves         | 1 2 3 4 |  4.7
Slings         | 1 2 3 4 |  4.7
Bows           | 1 2 3 4 |  4.7
Crossbows      | 1 2 3 4 |  4.7
Throwing       | 1 2 3 4 |  4.7
Stealth        | 1 2 3 4 |  4.7
Shields        | 1 2 3 4 |  4.7
Unarmed Combat | 1 2 3 4 |  4.7
Spellcasting   | 1 2 3 4 |  4.7
Evocations     | 1 2 3 4 |  4.7
Conjurations   | 1 2 3 |  3.9
Hexes          | 1 2 3 |  3.9
Summonings     | 1 2 3 |  3.9
Necromancy     | 1 2 3 |  3.9
Translocations | 1 2 3 |  3.9
Transmutations | 1 2 3 |  3.9
Fire Magic     | 1 2 3 |  3.9
Ice Magic      | 1 2 3 |  3.9
Air Magic      | 1 2 3 |  3.9
Earth Magic    | 1 2 3 |  3.9
Poison Magic   | 1 2 3 |  3.9
Armour         | 5 6 |  6.6
Dodging        | 5 6 |  6.6
Fighting       | 7 8 |  8.1
Axes           | 7 8 |  8.1

Action                   |  1- 3 |  4- 6 |  7- 9 || total
-------------------------+-------+-------+-------++-------
Melee: Hand axe          |    94 |   142 |   442 ||   678
       Bite              |    13 |    11 |    67 ||    91
       Punch             |       |     1 |    12 ||    13
       Broad axe         |       |       |    51 ||    51
Invok: Berserk           |       |     3 |     8 ||    11
  Use: Scroll            |       |     3 |    11 ||    14
       Potion            |       |       |     6 ||     6
 Stab: Sleeping          |     2 |       |       ||     2
Armor: Animal skin       |     2 |       |       ||     2
       Scale mail        |    12 |    51 |    94 ||   157
       Skin              |       |       |    17 ||    17
       Chain mail        |       |       |    95 ||    95
Dodge: Dodged            |    60 |    82 |   275 ||   417
